 Dungeon Crawl Stone Soup version 0.31.0-11-ge490571c62 (webtiles) character file.

Game seed: 17447298983953877759

2787 Strat the Trooper (level 9, -1/81 HPs)
             Began as an Armataur Conjurer on Jan 28, 2024.
             Was an Initiate of Hepliaklqana.
             Slain by Erica
             ... wielding a +3 scimitar of flaming
              (10 damage)
             ... on level 8 of the Dungeon.
             The game lasted 00:14:34 (7898 turns).

Strat the Trooper (Armataur Conjurer)               Turns: 7898, Time: 00:14:34

Health: -1/81      AC: 15    Str: 23    XL:     9   Next: 43%
Magic:  0/11       EV:  6    Int: 19    God:    Hepliaklqana [......]
Gold:   401        SH:  0    Dex:  8    Spells: 8/11 levels left

rFire   . . .        b - +7 glaive "Goolorir" {heavy, rN+}
rCold   . . .        (shield currently unavailable)
rNeg    + . .        B - +0 shadow dragon scales
rPois   .            (no helmet)
rElec   .            w - +0 cloak
rCorr   .            i - +1 pair of gloves
SInv    .            (no barding)
Will    .....        D - amulet of guardian spirit
Stlth   +++          C - +6 ring of strength
HPRegen 0.33/turn    (no ring)
MPRegen 0.12/turn

%: guardian spirit, roll
@: slowed, very slow
A: large, deformed body, tough skin 3, armoured tail, roll 2
a: Renounce Religion


You were on level 8 of the Dungeon.
You worshipped Hepliaklqana.
Hepliaklqana was noncommittal.
You visited 2 branches of the dungeon, and saw 9 of its levels.

You collected 401 gold pieces.

Inventory:

Hand Weapons
 b - the +7 glaive "Goolorir" (weapon) {heavy, rN+}
   (You found it on level 2 of the Dungeon)

   rN+:       It protects you from negative energy.
 x - the +7 Throatcutter {drain, coup de grace}
   (You took it off Terence on level 3 of the Dungeon)
 F - a +1 spear
Missiles
 m - 9 poisoned darts
 v - 6 javelins
Armour
 i - a +1 pair of gloves (worn)
 w - a +0 cloak (worn)
 A - +0 acid dragon scales
 B - +0 shadow dragon scales (worn)
Jewellery
 y - a ring of fire
 C - a +6 ring of strength (left hand)
 D - an amulet of guardian spirit (around neck)
Wands
 u - a wand of flame (28)
 G - a wand of paralysis (9)
 H - a wand of iceblast (21)
Scrolls
 d - 2 scrolls of teleportation
 e - 3 scrolls of identify
 f - 2 scrolls of blinking
 g - 3 scrolls of immolation
 o - a scroll of poison
 p - 2 scrolls of fog
Potions
 c - a potion of heal wounds
 h - 2 potions of curing
 j - a potion of might {unknown}
 k - a potion of mutation {unknown}
 l - a potion of degeneration {unknown}
 n - a potion of enlightenment {unknown}
 q - a potion of magic
 r - 2 potions of lignification
 z - 2 potions of invisibility {unknown}
 E - 3 potions of attraction {unknown}


   Skills:
 - Level 7.8 Fighting
 + Level 6.8 Polearms
 - Level 6.0 Armour
 - Level 1.3 Dodging
 - Level 2.1 Stealth
 - Level 1.7 Spellcasting
 - Level 3.6 Conjurations


You had 8 spell levels left.
You knew the following spells:

 Your Spells              Type           Power      Damage    Failure   Level
a - Magic Dart            Conj           60%        1d6       28%         1
b - Searing Ray           Conj           30%        2d5       38%         2

Your spell library contained the following spells:

 Spells                   Type           Power      Damage    Failure   Level
 Fulminant Prism          Conj/Alch      4%         3d5       99%         4
 Iskenderun's Mystic Bla  Conj/Tloc      8%         2d4       99%         4
 Summon Forest            Summ/Tloc      0%         N/A       100%        5
 Summon Mana Viper        Hex/Summ       1%         N/A       100%        5
 Summon Cactus Giant      Summ           0%         N/A       100%        6


Dungeon Overview and Level Annotations

Branches:
Dungeon (8/15)             Temple (1/1) D:7
   Lair: D:8-11

Altars:
Ashenzari
Cheibriados
Dithmenos
Elyvilon
Fedhas
Gozag
Hepliaklqana
Kikubaaqudgha
Makhleb
Nemelex Xobeh
Okawaru
Qazlal
Ru
Sif Muna
Trog
Uskayaw
Vehumet
Wu Jian
Xom
Yredelemnul
Zin
The Shining One

Shops:
D:2 [

Annotations:
D:5 1 runed translucent door, dave1331's ghost, novice HOFi
D:8 Erica


Innate Abilities, Weirdness & Mutations

Armour fits poorly on your strangely shaped body.
You have extremely tough skin. (AC +3)
You have a long armoured tail.
You regenerate magic and health when rolling toward enemies. (Rampage Regen)


Message History

Erica hits you with a +3 scimitar of flaming!!
* * * LOW HITPOINT WARNING * * *
Erica burns you!
* * * LOW HITPOINT WARNING * * *
Unknown command.
You feel much better.
Erica hits you with a +3 scimitar of flaming!
* * * LOW HITPOINT WARNING * * *
Erica burns you.
* * * LOW HITPOINT WARNING * * *
Erica hits you with a +3 scimitar of flaming.
* * * LOW HITPOINT WARNING * * *
Erica burns you.
* * * LOW HITPOINT WARNING * * *
You feel much better.
Erica mumbles some strange words.
Erica flickers and vanishes!
Deactivating autopickup; reactivate with Ctrl-A.
As you read the scroll of fear, it crumbles to dust.
You assume a fearsome visage.
Nothing appears to happen.
Something hits you!
* * * LOW HITPOINT WARNING * * *
Something burns you!
* * * LOW HITPOINT WARNING * * *
You hear some strange, mumbled words.
You feel as though you will be slow longer.
Something hits you!
* * * LOW HITPOINT WARNING * * *
Something burns you.
* * * LOW HITPOINT WARNING * * *
Something hits you but does no damage. Something hits you!!
* * * LOW HITPOINT WARNING * * *
Something burns you!
* * * LOW HITPOINT WARNING * * *
Something hits you.
* * * LOW HITPOINT WARNING * * *
Something burns you.
* * * LOW HITPOINT WARNING * * *
Something hits you!
You die...

#.# #.# #.#.# #.#
#.#######.#.# #.#
#.#.....#(#.# #.#
#.#.###.#.#.# #.# #.#.#
#.#.#..
#.####.#.###.#.###
#.................
#.####.#.###.#.#.#
###@# #.#.....#.#.#
#...# #.#.....#.#.#
#.#.# #.#.....#.#.#
#>..# #.#.....#.#..
#.### #.......#.#..
####.######....##.#.#..
#.........#x...##.#.#..
#.##.####.#.#+###.#.#..
# #<....#......##.#.#.#


There were no monsters in sight!

Vanquished Creatures
  Grinder (D:3)
  Prince Ribbit (D:8)
  Duvessa (D:4)
  An orc warrior (D:8)
  3 ice beasts
  2 black bears
  2 ogres
  A centaur (D:6)
  A phantom (D:6)
  A kobold brigand (D:7)
  2 bullfrogs (D:7)
  4 scorpions
  Dowan (D:4)
  3 howler monkeys
  2 jellies
  A bombardier beetle (D:7)
  3 hounds
  A gnoll bouda (D:6)
  3 orc priests
  Crazy Yiuf (D:6)
  Terence (D:3)
  Ijyb (D:3)
  An iguana (D:6)
  4 orc wizards
  11 gnolls
  8 adders
  3 white imps
  2 ufetubi (D:6)
  2 ribbon worms
  20 orcs
  10 ball pythons
  4 bats
  3 endoplasms
  5 giant cockroaches
  A goblin (D:2)
  9 hobgoblins
  3 jackals (D:4)
  6 quokkas
  4 frilled lizards
  11 kobolds
  5 rats
149 creatures vanquished.

Notes
Turn   | Place    | Note
-------+----------+-------------------------------------------
     0 | D:1      | Strat the Armataur Conjurer began the quest for the Orb.
     0 | D:1      | Reached XP level 1. HP: 14/14 MP: 3/3
   103 | D:1      | Reached skill level 1 in Fighting
   286 | D:1      | Reached XP level 2. HP: 23/23 MP: 0/4
   340 | D:1      | Learned a level 2 spell: Searing Ray
   348 | D:1      | Found a faded altar of an unknown god.
   784 | D:1      | Reached skill level 2 in Fighting
  1184 | D:2      | Reached XP level 3. HP: 29/30 MP: 5/5
  1290 | D:2      | Found Imycaxah's Armour Emporium.
  1449 | D:2      | Identified the +7 glaive "Goolorir" {heavy, rN+}
  1521 | D:2      | Reached skill level 3 in Fighting
  1812 | D:3      | Noticed Ijyb
  1949 | D:3      | Noticed Grinder
  2101 | D:3      | Killed Ijyb
  2102 | D:3      | Reached XP level 4. HP: 17/40 MP: 3/6
  2195 | D:3      | Paralysed by Grinder for 4 turns
  2219 | D:3      | Paralysed by Grinder for 2 turns
  2221 | D:3      | Killed Grinder
  2222 | D:3      | Reached skill level 5 in Fighting
  2222 | D:3      | Reached XP level 5. HP: 40/48 MP: 2/7
  2222 | D:3      | Reached XP level 6. HP: 46/56 MP: 2/8
  2328 | D:3      | Found an ornate altar of the Wu Jian Council.
  2851 | D:3      | Noticed Terence
  2852 | D:3      | Killed Terence
  3009 | D:4      | Reached skill level 6 in Fighting
  3033 | D:4      | Noticed Duvessa
  3034 | D:4      | Noticed Dowan
  3055 | D:4      | Killed Duvessa
  3059 | D:4      | Gained mutation: You regenerate magic and health when
                  | rolling toward enemies. (Rampage Regen) [Armataur growth]
  3059 | D:4      | Reached XP level 7. HP: 25/64 MP: 3/9
  3213 | D:4      | Killed Dowan
  3291 | D:4      | Reached skill level 7 in Fighting
  3705 | D:5      | Entered Level 5 of the Dungeon
  3716 | D:5      | Noticed dave1331's ghost (novice HOFi)
  3719 | D:5      | Found a runed translucent door.
  3735 | D:5      | Reached skill level 1 in Armour
  3737 | D:5      | Reached skill level 1 in Polearms
  3759 | D:5      | Reached XP level 8. HP: 53/74 MP: 10/10
  4248 | D:5      | Identified the +1 robe "Jaosch" {Rampage rN+ SInv}
  4715 | D:5      | Identified the +6 ring mail "Welienim" {Will- Regen+ rCorr
                  | SInv}
  5205 | D:6      | Found a blossoming altar of Fedhas.
  5499 | D:6      | Found a runed translucent door.
  5500 | D:6      | Noticed Crazy Yiuf
  5504 | D:6      | Killed Crazy Yiuf
  5505 | D:6      | Reached skill level 5 in Armour
  5537 | D:6      | Found a sparkling altar of Nemelex Xobeh.
  6146 | D:7      | Found a staircase to the Ecumenical Temple.
  6158 | Temple   | Entered the Ecumenical Temple
  6342 | Temple   | Became a worshipper of Hepliaklqana the Forgotten
  6365 | D:7      | Reached XP level 9. HP: 81/81 MP: 11/11
  6416 | D:7      | Reached skill level 5 in Polearms
  6713 | D:7      | Found a basalt altar of Yredelemnul.
  6713 | D:7      | Found a radiant altar of Vehumet.
  6715 | D:7      | Found a burning altar of Makhleb.
  6715 | D:7      | Found a stormy altar of Qazlal.
  6997 | D:8      | Noticed Erica
  7137 | D:8      | Found a glowing golden altar of the Shining One.
  7139 | D:8      | Noticed Prince Ribbit
  7144 | D:8      | Killed Prince Ribbit
  7655 | D:8      | Found a flagged portal.
  7898 | D:8      | Slain by Erica

Illustrated notes

Levels and vault maps discovered:
D:1:      eino_arrival_cavern_d, layout_basic,
          ebering_ecumenical_altar_sacrificial
D:2:      layout_basic, serial_shops, shop, minmay_door_square
D:3:      minmay_chambers_of_twos, layout_loops_ring,
          nicolae_wu_jian_immortal_techniques, st_stairs_3, uniq_grinder,
          uniq_ijyb, uniq_terence
D:4:      layout_basic, uniq_duvessa
D:5:      layout_basic, hellmonk_ghost_happy_afterlife, grunt_ministairs_1,
          minmay_misc_feat_pillars, nicolae_concentric_dashed_squares_wild
D:6:      layout_loops_ring, mainiacjoe_overflow_paths, amethyst_killhole,
          kennysheep_small_circle, uniq_crazy_yiuf_cottage
D:7:      layout_basic, mainiacjoe_overflow_alcove_3,
          minmay_temple_entry_sparse_star
D:8:      layout_basic, mainiacjoe_overflow_alcove_4, david_lair_generic,
          enter_bailey_8, uniq_prince_ribbit1, uniq_erica
Temple:   eino_wide_crystal_templ

Skill      XL: |  1  2  3  4  5  6  7  8  9 |
---------------+----------------------------+-----
Fighting       | 1 2 3 5 6 7 |  7.8
Armour         | 2 6 |  6.0
Polearms       | 1 4 6 |  6.8
Dodging        | |  1.3
Stealth        | |  2.1
Spellcasting   | |  1.7
Conjurations   | |  3.6

Action                     |  1- 3 |  4- 6 |  7- 9 || total
---------------------------+-------+-------+-------++-------
  Melee: Unarmed           |    11 |       |       ||    11
         Tailslap          |    14 |     2 |     8 ||    24
         Dagger            |    79 |       |       ||    79
         Glaive            |     2 |    55 |   173 ||   230
   Cast: Magic Dart        |    39 |       |     2 ||    41
         Searing Ray       |     4 |     4 |     4 ||    12
    Use: Scroll            |       |       |    15 ||    15
         Potion            |       |       |     3 ||     3
   Stab: Sleeping          |     2 |     2 |    10 ||    14
 Armour: Robe              |    67 |    81 |       ||   148
         Acid dragon scale |       |       |    59 ||    59
         Shadow dragon sca |       |       |   230 ||   230
  Dodge: Dodged            |    36 |    60 |    83 ||   179
